 Dungeon Crawl Stone Soup version 0.31-a0-844-gdc52ec4e09 (webtiles) character file.

Game seed: 13527479120664844984

29338 Dano1871 the Fighter (level 13, -5/104 HPs)
             Began as a Human Fighter on Sept 29, 2023.
             Was a Believer of Trog.
             Slain by a 14-headed hydra (6 damage)
             ... on level 3 of the Lair of Beasts on Sept 30, 2023.
             The game lasted 02:03:58 (14919 turns).

Dano1871 the Fighter (Human Fighter)               Turns: 14919, Time: 02:04:00

Health: -5/104     AC: 20    Str: 19    XL:     13   Next: 80%
Magic:  14/14      EV:  8    Int:  9    God:    Trog [**....]
Gold:   637        SH: 13    Dex: 17    Spells: 13/13 levels left

rFire   . . .        B - +6 war axe
rCold   . . .        F - +2 kite shield
rNeg    . . .        A - +1 plate armour
rPois   +            e - +0 helmet
rElec   .            (no cloak)
rCorr   .            j - +0 pair of gloves
SInv    .            x - +0 pair of boots
Will    .....        (no amulet) Stlth
                     g - +4 ring of slaying
HPRegen 0.37/turn    P - +4 ring of slaying
MPRegen 0.14/turn

%: no passive effects
@: on berserk cooldown, slowed, studying Stealth, very slow
A: agile 1, poison resistance
a: Renounce Religion, Berserk, Trog's Hand


You were on level 3 of the Lair of Beasts.
You worshipped Trog.
Trog was pleased with you.
You visited 4 branches of the dungeon, and saw 15 of its levels.

You collected 637 gold pieces.

Inventory:

Hand Weapons
 a - a +1 long sword
 s - a +3 double sword
 w - the +7 dagger "Killer Bee's Death" {flame, rC+ Will+ Int-4}
   (You found it on level 7 of the Dungeon)

   Int-4:     It affects your intelligence (-4).
   rC+:       It protects you from cold.
   Will+:     It increases your willpower.
 B - a +6 war axe (weapon)
 E - a -2 demon whip of venom
 H - a +4 scimitar of flaming
 N - a +1 flail of holy wrath
Missiles
 c - 4 throwing nets
 d - 88 stones
 m - 10 curare-tipped darts
 o - 25 poisoned darts
 r - 9 javelins
 K - 2 datura-tipped darts
Armour
 e - a +0 helmet (worn)
 h - +0 acid dragon scales
 j - a +0 pair of gloves (worn)
 x - a +0 pair of boots (worn)
 A - a +1 plate armour (worn)
 F - a +2 kite shield (worn)
 M - the +0 ring mail of the World {Contam rN++}
   (You found it on level 1 of the Lair of Beasts)

   rN++:      It greatly protects you from negative energy.
   Contam:    It causes magical contamination when unequipped.
Jewellery
 f - a +6 ring of dexterity
 g - a +4 ring of slaying (left hand)
 n - a ring of see invisible
 p - a +6 ring of dexterity
 y - a ring of protection from cold
 P - a +4 ring of slaying (right hand)
Talismans
 l - a flux talisman
 q - a talisman of death
 D - a beast talisman
Wands
 k - a wand of flame (35)
 t - a wand of charming (12)
 u - a wand of mindburst (5)
 C - a wand of polymorph (13)
 G - a wand of iceblast (24) (quivered)
Scrolls
 b - 2 scrolls of vulnerability
 i - 10 scrolls of identify
 v - 2 scrolls of poison
 L - 2 scrolls of teleportation
 R - a scroll of fear
Potions
 z - 3 potions of curing
 I - 3 potions of attraction
 J - a potion of mutation
 O - a potion of magic
 S - a potion of might
Miscellaneous
 Q - a lightning rod (4/4)


   Skills:
 * Level 10.7 Fighting
 + Level 7.7 Long Blades
 + Level 6.2 Axes
 + Level 7.1 Throwing
 * Level 10.7 Armour
 + Level 7.1 Dodging
 + Level 8.0 Stealth
 + Level 7.9 Shields
 - Level 0.8 Spellcasting
 - Level 1.0 Conjurations
 + Level 1.7 Shapeshifting


You had 13 spell levels left.
You didn't know any spells.
Your spell library contained the following spells:

 Spells                   Type           Power      Damage    Failure   Level
 Magic Dart               Conj           8%         1d3       100%        1
 Searing Ray              Conj           4%         2d4       100%        2
 Fulminant Prism          Conj/Hex       0%         3d5       100%        4


Dungeon Overview and Level Annotations

Branches:
Dungeon (10/15)            Temple (1/1) D:7            Lair (3/5) D:10
  Swamp (1/4) Lair:3
  Snake: Lair:2-3    Spider: Lair:2-3       Orc: D:9-12

Altars:
Ashenzari
Cheibriados
Elyvilon
Fedhas
Gozag
Hepliaklqana
Kikubaaqudgha
Makhleb
Nemelex Xobeh
Qazlal
Ru
Sif Muna
Trog
Uskayaw
Vehumet
Wu Jian
Xom
Yredelemnul
Zin
The Shining One


Innate Abilities, Weirdness & Mutations

You are agile. (Dex +4, Str/Int -1)
Your system is resistant to poisons. (rPois)


Message History

You block the 13-headed hydra's attack. The 13-headed hydra bites you!
The 13-headed hydra bites you but does no damage.
The 13-headed hydra bites you!
You slice one of the 13-headed hydra's heads off!
The 12-headed hydra grows two more!
You slash the 14-headed hydra!
The 14-headed hydra is severely wounded.
The 14-headed hydra bites you but does no damage.
You block the 14-headed hydra's attack.
The 14-headed hydra bites you but does no damage. x2
You block the 14-headed hydra's attack. x2
The 14-headed hydra bites you but does no damage. x2
The 14-headed hydra barely misses you. The 14-headed hydra bites you!
* * * LOW HITPOINT WARNING * * *
The 14-headed hydra closely misses you. The 14-headed hydra bites you!
* * * LOW HITPOINT WARNING * * *
The 14-headed hydra bites you.
* * * LOW HITPOINT WARNING * * *
The 14-headed hydra bites you.
* * * LOW HITPOINT WARNING * * *
You are too berserk!
You are too berserk!
You are too berserk!
You are too berserk!
You feel a strong urge to attack something.
You are no longer berserk.
You are exhausted.
You feel yourself slow down. You block the 14-headed hydra's attack.
The 14-headed hydra bites you.
* * * LOW HITPOINT WARNING * * *
The 14-headed hydra bites you but does no damage.
The 14-headed hydra bites you!
* * * LOW HITPOINT WARNING * * *
The 14-headed hydra bites you but does no damage.
You block the 14-headed hydra's attack.
The 14-headed hydra bites you but does no damage.
The 14-headed hydra bites you.
* * * LOW HITPOINT WARNING * * *
The 14-headed hydra bites you but does no damage. x2
The 14-headed hydra bites you.
You die...

....###.# .P ......#.## #.
#.#....# #P. #.....######## #.#
#..........#.##
#..###..P)#...#....# ####
###....#........#..#.## #..###
##......D..P~P~...###.P# .....#
.......@..P≈♣♣♣♣♣..##..# #...P#
.........♣≈♣~.~.♣♣.....# ##..###
...<....♣≈~......≈≈.....
##...####...#..≈≈....P....♣♣...#
#...P##..#.#.~♣~..P......P~P..#
#..####..#.#.P♣~...)......~...P
###..#####.#.#..♣.........††♣...#
#.#..........#..♣~..........♣...#
.............#.~≈~..........♣~..#


You could see a 14-headed hydra.

Vanquished Creatures
  A hydra (Lair:2)
  A two-headed ogre (D:8)
  3 death yaks (Lair:3)
  Sonja (Lair:1)
  Urug (Lair:1)
  Nergalle (Lair:3)
  Amaemon (Lair:1)
  2 oklob plants (Lair:2)
  6 elephants
  2 torpor snails
  9 black mambas
  An orange demon (Lair:1)
  A gargoyle (D:10)
  8 cane toads
  8 komodo dragons
  Psyche (D:8)
  A rime drake (Lair:2)
  A troll (D:9)
  A polar bear (Lair:2)
  A hornet (D:10)
  3 blink frogs (Lair:2)
  3 dream sheep (Lair:1)
  Sigmund (D:3)
  23 yaks
  A basilisk (Lair:2)
  2 wyverns
  3 steam dragons
  3 nagas (Lair:3)
  Menkaure (D:6)
  3 acid dragons
  4 water moccasins
  2 ice beasts
  2 orc warriors (D:8)
  5 black bears
  4 ogres
  8 wolves
  A kobold brigand (D:7)
  A phantom (D:4)
  10 bullfrogs
  3 gnoll sergeants
  4 scorpions
  13 wights
  A crimson imp (D:7)
  4 hounds
  3 jellies
  2 gnoll boudas (D:9)
  2 orc priests
  7 iguanas
  5 orc wizards
  A sleepcap (D:7)
  Robin (D:3)
  30 gnolls
  10 adders
  2 shadow imps
  A white imp (D:6)
  A worm (D:4)
  A dart slug (D:1)
  24 orcs
  5 bats
  7 endoplasms
  4 giant cockroaches
  20 goblins
  12 hobgoblins
  5 jackals
  11 kobolds
  A quokka (D:1)
  8 ball pythons
  2 frilled lizards
  10 rats
331 creatures vanquished.

Vanquished Creatures (others)
  Erica (D:8)
  A rime drake (Lair:3)
  A troll (D:9)
3 creatures vanquished.

Grand Total: 334 creatures vanquished

Notes
Turn   | Place    | Note
-------+----------+-------------------------------------------
     0 | D:1      | Dano1871 the Human Fighter began the quest for the Orb.
     0 | D:1      | Reached XP level 1. HP: 18/18 MP: 1/1
    65 | D:1      | Reached XP level 2. HP: 22/24 MP: 2/2
   179 | D:1      | You fall into a shaft and drop 1 floor!
   197 | D:2      | Reached XP level 3. HP: 28/29 MP: 3/3
   977 | D:2      | Reached XP level 4. HP: 19/35 MP: 5/5
  1006 | D:2      | Reached skill level 1 in Conjurations
  1116 | D:2      | Found a bloodstained altar of Trog.
  1135 | D:2      | Became a worshipper of Trog the Wrathful
  1566 | D:3      | Reached XP level 5. HP: 41/41 MP: 6/6
  1588 | D:3      | Found a hazy altar of Hepliaklqana.
  1733 | D:3      | Noticed Robin
  1766 | D:3      | Reached * piety under Trog
  1770 | D:3      | Reached skill level 1 in Dodging
  1770 | D:3      | Reached skill level 1 in Stealth
  1773 | D:3      | Killed Robin
  2178 | D:3      | Reached skill level 1 in Throwing
  2178 | D:3      | Reached XP level 6. HP: 43/48 MP: 7/7
  2276 | D:3      | Noticed Sigmund
  2284 | D:3      | Killed Sigmund
  2285 | D:3      | Reached XP level 7. HP: 53/54 MP: 8/8
  2382 | D:3      | Found a faded altar of an unknown god.
  3505 | D:4      | Reached XP level 8. HP: 61/61 MP: 9/9
  3644 | D:5      | Entered Level 5 of the Dungeon
  3721 | D:5      | Found an ancient bone altar of Kikubaaqudgha.
  3807 | D:5      | Reached skill level 5 in Fighting
  3807 | D:5      | Reached skill level 5 in Armour
  3809 | D:5      | Found a stormy altar of Qazlal.
  4196 | D:5      | Reached ** piety under Trog
  4762 | D:6      | Found a basalt altar of Yredelemnul.
  4979 | D:6      | HP: 2/63 [ogre/+0 giant club (32)]
  5164 | D:6      | Gained mutation: Your system is resistant to poisons.
                  | (rPois) [potion of mutation]
  5164 | D:6      | Gained mutation: You are agile. (Dex +4, Str/Int -1)
                  | [potion of mutation]
  5292 | D:6      | Found a sacrificial altar of Ru.
  5302 | D:6      | Found a glowing silver altar of Zin.
  5374 | D:6      | Reached XP level 9. HP: 69/69 MP: 10/10
  5633 | D:6      | Noticed Menkaure
  5643 | D:6      | Killed Menkaure
  5644 | D:6      | Reached skill level 1 in Axes
  5902 | D:6      | Reached skill level 5 in Shields
  5984 | D:6      | Found a white marble altar of Elyvilon.
  6133 | D:7      | Identified the +7 dagger "Killer Bee's Death" {flame, rC+
                  | Will+ Int-4}
  6278 | D:7      | Reached XP level 10. HP: 76/77 MP: 11/11
  6496 | D:7      | Found a staircase to the Ecumenical Temple.
  6512 | Temple   | Entered the Ecumenical Temple
  7001 | D:7      | Found a shimmering altar of Xom.
  7009 | D:7      | Found a burning altar of Makhleb.
  7279 | D:8      | Reached skill level 5 in Long Blades
  7391 | D:8      | Noticed a two-headed ogre
  7402 | D:8      | Killed a two-headed ogre
  7622 | D:8      | Noticed Psyche
  7730 | D:8      | Killed Psyche
  7817 | D:8      | Noticed Erica
  7837 | D:8      | Killed Erica
  7838 | D:8      | Reached skill level 5 in Stealth
  8235 | D:8      | Identified the +0 leather armour "Weazom" {Rampage}
  8730 | D:9      | Reached XP level 11. HP: 85/85 MP: 12/12
  9080 | D:9      | Reached skill level 5 in Dodging
  9081 | D:9      | Reached skill level 5 in Throwing
  9172 | D:9      | Found a faded altar of an unknown god.
  9172 | D:9      | Found a glowing golden altar of the Shining One.
  9204 | D:9      | Found a snail-covered altar of Cheibriados.
  9210 | D:9      | Found a faded altar of an unknown god.
  9211 | D:9      | Found a hide-covered altar of Uskayaw.
  9396 | D:10     | Entered Level 10 of the Dungeon
  9720 | D:10     | Found a staircase to the Lair.
  9721 | D:10     | Noticed an elephant
  9736 | D:10     | Killed an elephant
  9793 | Lair:1   | Entered Level 1 of the Lair of Beasts
  9793 | Lair:1   | Noticed Urug
  9804 | Lair:1   | Killed Urug
  9844 | Lair:1   | Noticed Sonja
  9857 | Lair:1   | Killed Sonja
  9992 | Lair:1   | Identified the +0 ring mail of the World {Contam rN++}
  9994 | Lair:1   | Noticed Amaemon
 10026 | Lair:1   | Killed Amaemon
 10276 | Lair:1   | Reached XP level 12. HP: 94/94 MP: 13/13
 10888 | Lair:1   | Reached skill level 5 in Axes
 11333 | Lair:2   | Found a blossoming altar of Fedhas.
 12348 | Lair:2   | Reached XP level 13. HP: 103/103 MP: 14/14
 12353 | Lair:2   | Reached skill level 10 in Armour
 12402 | Lair:2   | Reached skill level 10 in Fighting
 13186 | Lair:2   | Noticed a five-headed hydra
 13196 | Lair:2   | Killed a 12-headed hydra
 13961 | Lair:3   | Found a staircase to the Swamp.
 13981 | Swamp:1  | Entered Level 1 of the Swamp
 14055 | Lair:3   | Reached skill level 1 in Shapeshifting
 14193 | Lair:3   | Noticed Nergalle
 14208 | Lair:3   | Killed Nergalle
 14899 | Lair:3   | Noticed an eight-headed hydra
 14919 | Lair:3   | HP: 5/104 [14-headed hydra (7)]
 14919 | Lair:3   | HP: 1/104 [14-headed hydra (4)]
 14919 | Lair:3   | Slain by a 14-headed hydra

Illustrated notes

Levels and vault maps discovered:
D:1:      dpeg_arrival_renting, layout_loops_ring
D:2:      layout_basic, basic_altar
D:3:      layout_loops_ring, mainiacjoe_overflow_surrounded_room, serial_glass,
          glass_columns_a, glass_columns_c, glass_columns_c, glass_columns_c,
          glass_columns_c, glass_columns_b, glass_columns_a, glass_columns_b,
          dreamdust_ecumenical_altar_angels_and_demons, uniq_robin, uniq_sigmund
D:4:      layout_gridville, dreamdust_princess_bridge, grunt_ministairs_13,
          st_stairs_1
D:5:      corexii_shack_village, layout_basic, kiku_gazebo_garden_becter,
          nicolae_qazlal_general_emergency, grunt_ministairs_11
D:6:      layout_loops_ring, kennysheep_ying_yang,
          amethyst_overflow_temple_binary, uniq_menkaure
D:7:      layout_basic, grunt_temple_overflow_champion_of_chaos,
          minmay_temple_entry_statues_fountains, minivault_19
D:8:      layout_gridville, uniq_erica, uniq_psyche
D:9:      layout_basic, chequers_temple_overflow_minitemple
D:10:     layout_layer_cave, chequers_temple_overflow_statue_of_worship,
          david_lair_generic, orc_0_dummy, gammafunk_ghost_split, minivault_11,
          grunt_tough_drop, uniq_harold
Temple:   pf_temple_reverse_labyrinth
Lair:1:   layout_small_grid, uniq_sonja, uniq_amaemon, uniq_urug
Lair:2:   nzn_winding_woodlands_medium [nzn_winding_woodlands_5x5_three,
          nzn_winding_woodlands_5x15_twine, nzn_winding_woodlands_hourglass,
          nzn_winding_woodlands_5x5_closed_star,
          nzn_winding_woodlands_center_triple_pond,
          nzn_winding_woodlands_5x5_cross, nzn_winding_woodlands_5x5_open_star,
          nzn_winding_woodlands_5x15_split_checker,
          nzn_winding_woodlands_5x5_default], layout_chaotic_city,
          hangedman_tree_tricks
Lair:3:   layout_loops_ring, swamp_mist, alex1729_snake_entry_snake,
          nicolae_lair_grazing_beasts [nicolae_sub_lair_graze_edge,
          nicolae_sub_lair_graze_edge, nicolae_sub_lair_graze_edge,
          nicolae_sub_lair_graze_edge], uniq_nergalle
Swamp:1:  layout_basic_swamp, nicolae_swamp_little_tower,
          infiniplex_staircase_pool, uniq_nikola

Skill      XL: |  1  2  3  4  5  6  7  8  9 10 11 12 13 |
---------------+----------------------------------------+-----
Conjurations   | 1 |  1.0
Dodging        | 1 2 3 4 5 6 7 |  7.1
Stealth        | 1 2 3 4 5 6 8 |  8.0
Throwing       | 1 2 3 4 5 6 7 |  7.1
Fighting       | 4 5 6 7 8 9 10 | 10.7
Long Blades    | 3 4 5 6 7 |  7.7
Armour         | 4 5 6 7 8 9 10 | 10.7
Shields        | 4 5 6 7 |  7.9
Axes           | 1 3 4 5 6 |  6.2
Shapeshifting  | 1 |  1.7
Spellcasting   | |  0.8

Action                     |  1- 3 |  4- 6 |  7- 9 | 10-12 | 13-15 || total
---------------------------+-------+-------+-------+-------+-------++-------
  Melee: Long sword        |    94 |    86 |   164 |       |       ||   344
         War axe           |       |       |    65 |   374 |   212 ||   651
         Dagger            |       |       |     6 |       |       ||     6
         Unarmed           |       |       |       |     5 |       ||     5
         Flail             |       |       |       |    42 |       ||    42
         Demon whip        |       |       |       |    10 |       ||    10
  Throw: Throwing net      |       |     2 |       |     1 |       ||     3
         Dart              |       |     1 |    19 |     2 |       ||    22
         Boomerang         |       |       |       |    17 |       ||    17
         Javelin           |       |       |       |       |     4 ||     4
 Invoke: Berserk           |       |     2 |    10 |    23 |     9 ||    44
         Trog's Hand       |       |       |     6 |     9 |     3 ||    18
  Evoke: Wand              |       |       |     1 |     2 |     1 ||     4
    Use: Scroll            |     3 |     4 |     6 |     9 |     1 ||    23
         Potion            |     3 |     2 |     7 |     6 |     3 ||    21
   Stab: Sleeping          |       |       |       |     1 |       ||     1
 Armour: Scale mail        |    56 |       |       |       |       ||    56
         Chain mail        |    36 |    92 |    61 |       |       ||   189
         Plate armour      |       |       |   133 |   330 |   250 ||   713
         Skin              |       |       |       |     5 |       ||     5
         Acid dragon scale |       |       |       |    92 |       ||    92
  Dodge: Dodged            |    40 |    28 |    84 |   199 |    71 ||   422
  Block: Buckler           |    20 |    28 |    69 |    16 |       ||   133
         Kite shield       |       |       |       |   314 |   195 ||   509

Table legend: (Time is in decaauts)
 A = Elapsed time spent in this place.
 B = Non-inter-level travel time spent in this place.
 C = Inter-level travel time spent in this place.
 D = Time resting spent in this place.
 E = Time spent auto-exploring this place.
 F = Levels seen in this place.
 G = Mean time per level.
                   A        B        C        D        E       F      G
               +--------+--------+--------+--------+--------+-----+--------+
         Total |  15647 |  15647 |      0 |   4301 |   3112 |  15 | 1043.1 |
       Dungeon |  10130 |  10130 |      0 |   1922 |   2135 |  10 | 1013.0 |
        Temple |     87 |     87 |      0 |      0 |      0 |   1 |   87.0 |
          Lair |   5425 |   5425 |      0 |   2379 |    976 |   3 | 1808.3 |
         Swamp |      3 |      3 |      0 |      0 |      0 |   1 |    3.0 |
               +--------+--------+--------+--------+--------+-----+--------+

Top non-repeatable levels by time:
  Lair:2: 2570 daAuts
  Lair:1: 1765 daAuts
     D:6: 1419 daAuts
     D:8: 1356 daAuts
     D:7: 1260 daAuts
     D:4: 1149 daAuts
  Lair:3: 1089 daAuts
     D:5: 1045 daAuts
     D:3: 1018 daAuts
     D:9: 882 daAuts
     D:1: 846 daAuts
     D:2: 736 daAuts
    D:10: 413 daAuts
  Temple: 87 daAuts
 Swamp:1: 3 daAuts
